 Dungeon Crawl Stone Soup version 0.17-a0-1046-ga09e34d (webtiles) character file.

69 RobertPalmer the Slasher (level 4, 0/42 HPs)
             Began as a Naga Chaos Knight on May 15, 2015.
             Slain by a worm (9 damage)
             ... on level 3 of the Dungeon.
             The game lasted 00:02:17 (1789 turns).

RobertPalmer the Slasher (Naga Chaos Knight)        Turns: 1789, Time: 00:02:17

Health: 0/42       AC:  9    Str: 14    XL:     4   Next: 20%
Magic:  4/4        EV:  9    Int: 13    God:    Xom [..*...]
Gold:   92         SH:  0    Dex: 11    Spells: 0 memorised, 3 levels left

rFire  . . .     SeeInvis +     a - +0 falchion (chaos)
rCold  . . .     Clarity  .     b - +3 leather armour
rNeg   . . .     SustAb   .     (no shield)
rPois  +         Gourm    .     (no helmet)
rElec  .         Spirit   .     (no cloak)
rCorr  .         Warding  .     (no gloves)
rMut   .         Stasis   .     (no barding)
MR     .....                    (no amulet)
Stlth  +.........               (no ring)
                                j - +3 ring of protection

@: very slow, not resistant to hostile enchantments, very unstealthy
A: see invisible, deformed body, poison resistance, slowness 2, slow metabolism
1, spit poison 2, AC +1
a: Spit Poison, Renounce Religion


You were on level 3 of the Dungeon.
You worshipped Xom.
You were a toy of Xom.
You were not hungry.

You visited 1 branch of the dungeon, and saw 3 of its levels.

You collected 92 gold pieces.

Inventory:

Hand weapons
 a - a +0 falchion of chaos (weapon)
Armour
 b - a +3 leather armour (worn)
Jewellery
 j - a +3 ring of protection (left hand)
   (You found it on level 1 of the Dungeon)
Scrolls
 d - 3 scrolls of recharging
 f - 3 scrolls of identify
 k - 3 scrolls of fog
Potions
 e - 2 potions of heal wounds
 i - a potion of brilliance {unknown}
 l - a potion of poison {unknown}
Comestibles
 c - 4 bread rations {@e1}


   Skills:
 - Level 3.0 Fighting
 + Level 4.9 Long Blades
 - Level 1.5 Armour
 - Level 0.7 Dodging


You had 3 spell levels left.
You didn't know any spells.

Dungeon Overview and Level Annotations

Branches:
Dungeon (3/15)

Altars:


Innate Abilities, Weirdness & Mutations

You cannot wear boots.
Your serpentine skin is tough (AC +1).
You have supernaturally acute eyesight.
Armour fits poorly on your strangely shaped body.
Your system is resistant to poisons.
You cover ground very slowly.
You have a slow metabolism.
You can spit poison.


Message History

Put on which piece of jewellery? (? for menu, Esc to quit)
j - a +3 ring of protection (left hand)
The gnoll hits you but does no damage.
Read which item? (? for menu, Esc to quit)
As you read the scroll labeled QIUDOXKIKA, it crumbles to dust.
The scroll dissolves into smoke.
It was a scroll of fog.
The gnoll hits you with a halberd. The gnoll barely misses you.
The gnoll closely misses you.
You take 2 damage, and have 28/42 hp.
Read which item? (? for menu, Esc to quit)
As you read the scroll labeled SINOBB IHOE, it crumbles to dust.
It is a scroll of recharging.
You aren't carrying any rechargeable items.
The gnoll closely misses you. The gnoll hits you but does no damage.
The gnoll hits you but does no damage.
Read which item? (? for menu, Esc to quit)
As you read the scroll labeled WACKOA UCIRAGE, it crumbles to dust.
You feel blessed for a moment.
It was a scroll of remove curse.
The gnoll hits you but does no damage. The gnoll barely misses you.
The gnoll hits you with a club.
You take 3 damage, and have 26/42 hp.
Read which item? (? for menu, Esc to quit)
As you read the scroll labeled MOOLASAUMU, it crumbles to dust.
You feel forgetful for a moment.
It was a scroll of amnesia.
The gnoll barely misses you. The gnoll misses you. The gnoll barely misses you.
Read which item? (? for menu, Esc to quit)
You don't have any such object.
Read which item? (? for menu, Esc to quit)
As you read the scroll labeled FUYFUT HESESEC, it crumbles to dust.
It is a scroll of enchant armour.
Enchant which item? (? for menu, Esc to quit)
Your +2 leather armour glows green for a moment.
The gnoll hits you but does no damage. The gnoll closely misses you.
The gnoll hits you but does no damage. The gnoll hits you but does no damage.
The gnoll hits you with a club.
You take 2 damage, and have 24/42 hp.
Aim: a gnoll, wielding a halberd (purple smoke)
The splash of poison hits the gnoll.
The gnoll is poisoned.
You feel slightly more hungry. The gnoll closely misses you.
The gnoll closely misses you. x2
You have got your breath back.
The gnoll hits you from afar with a halberd!
The gnoll hits you with a club.
You take 9 damage, and have 15/42 hp.
MASSIVE DAMAGE!!
Read which item? (? for menu, Esc to quit)
Okay, then.
Drink which item? (? for menu, Esc to quit)
It was a potion of heal wounds.
You feel much better.
The gnoll looks more healthy.
The gnoll hits you but does no damage. The gnoll closely misses you.
You regained 20 hp, and now have 35/42 hp.
The gnoll barely misses you.
The gnoll hits you from afar with a spear.
You take 4 damage, and have 32/42 hp.
The gnoll hits you with a club.
You take 6 damage, and have 26/42 hp.
There is a stone staircase leading down here.
The gnoll hits you with a club.
The gnoll hits you from afar with a halberd.
You climb downwards.
You hear the sound of rushing water.
There is an entrance to a sewer on this level.
Hurry and find it before the portal rusts away!
A worm and a goblin come into view.
The goblin shouts!
There is a stone staircase leading up here.
Unknown command.
Unknown command.
You take 4 damage, and have 22/42 hp.
Unknown command.
Unknown command.
You hit the gnoll. The gnoll hits you with a club!
You take 9 damage, and have 13/42 hp.
MASSIVE DAMAGE!!
You barely miss the gnoll. The gnoll hits you but does no damage.
A rat comes into view.
You hit the gnoll.
You kill the gnoll!
You slash the goblin!
You kill the goblin!
Aim: a worm The splash of poison hits the worm.
The worm is poisoned.
You feel slightly more hungry.
A giant newt comes into view.
You have got your breath back.
You barely miss the worm. The worm completely misses you.
You hit the worm.
The worm is moving more slowly.
The rat bites you.
* * * LOW HITPOINT WARNING * * *
You take 2 damage, and have 12/42 hp.
You hit the worm but do no damage.
The worm looks even sicker.
The rat bites you.
* * * LOW HITPOINT WARNING * * *
The worm closely misses you.
You take 3 damage, and have 9/42 hp.
Unknown command.
You hit the worm but do no damage. The rat bites you but does no damage.
The worm bites you!
You die... "Huh?
Did I miss anything?"

.#.#####......
.............
...#........
...........
..........
#.........
#.......#.
#.@.......
#rw.......
#.....l)#.......
................
.###...##...#...
..... ..## ..
...... ... .
###..## #### ...


You could see a worm (petrifying), a giant newt and a rat.

Vanquished Creatures
  2 gnolls
  3 adders (D:2)
  An ooze (D:1)
  3 goblins
  2 jackals (D:2)
  3 bats (D:1)
  2 giant newts (D:2)
  6 kobolds (D:1)
  2 rats (D:1)
24 creatures vanquished.

Notes
Turn   | Place    | Note
--------------------------------------------------------------
     0 | D:1      | RobertPalmer the Naga Chaos Knight began the quest for the Orb.
     0 | D:1      | Reached XP level 1. HP: 21/21 MP: 1/1
   346 | D:1      | Reached XP level 2. HP: 25/28 MP: 2/2
   713 | D:1      | XOM: harmless Divn miscast
   919 | D:2      | Reached skill level 4 in Long Blades
   919 | D:2      | Reached XP level 3. HP: 20/34 MP: 3/3
  1539 | D:2      | HP: 8/34 [poisoned by an adder]
  1545 | D:2      | HP: 7/34 [poisoned by an adder]
  1553 | D:2      | HP: 6/34 [poisoned by an adder]
  1611 | D:2      | XOM: harmless Trmt miscast
  1754 | D:2      | Reached XP level 4. HP: 30/42 MP: 4/4
  1787 | D:3      | HP: 9/42 [rat (3)]
  1789 | D:3      | Slain by a worm

Vault maps used:
D:1:      roderic_lyre
D:2:      first_bread, minmay_misc_feat_roman, minmay_misc_feat_secret_circle,
          lemuel_tele_altar
D:3:      gup_sewer_entry_bowl, grunt_ministairs_12, uniq_iyjb

Action                   |  1- 3 |  4- 6 || total
-------------------------+-------+-------++-------
Melee: Falchion          |    98 |     9 ||   107
 Abil: Spit Poison       |     1 |     3 ||     4
  Use: Scroll            |       |     6 ||     6
       Potion            |       |     1 ||     1
  Eat: Chunk             |     2 |       ||     2

Vault maps used:
D:1:      roderic_lyre
D:2:      first_bread, minmay_misc_feat_roman, minmay_misc_feat_secret_circle,
          lemuel_tele_altar
D:3:      gup_sewer_entry_bowl, grunt_ministairs_12, uniq_iyjb

Table legend:
 A = Turns spent in this place as a percentage of turns spent in the entire game.
 B = Non-inter-level travel turns spent in this place as a percentage of non-inter-level travel turns spent in the entire game.
 C = Inter-level travel turns spent in this place as a percentage of turns spent in this place.
 D = Turns resting spent in this place as a percentage of non-inter-level travel turns spent in this place.
 E = Turns spent auto-exploring this place as a percentage of non-inter-level travel turns spent in this place.
 F = Non-inter-level travel turns spent in this place divided by the number of levels of this place that you've seen.
                   A       B       C       D       E      F
               +-------+-------+-------+-------+-------+----------------------
         Total | 100.0 | 100.0 |   0.3 |   4.7 |  12.4 | 121.0
       Dungeon | 100.0 | 100.0 |   0.3 |   4.7 |  12.4 | 121.0
               +-------+-------+-------+-------+-------+----------------------

Table legend:
 A = Kills in this place as a percentage of kills in entire the game.
 B = Kills by you in this place as a percentage of kills by you in the entire game.
 C = Kills by friends in this place as a percentage of kills by friends in the entire game.
 D = Other kills in this place as a percentage of other kills in the entire game.
 E = Experience gained in this place as a percentage of experience gained in the entire game.
 F = Experience gained in this place divided by the number of levels of this place that you have seen.
                   A       B       C       D       E      F
               +-------+-------+-------+-------+-------+----------------------
         Total | 100.0 | 100.0 |  -nan |  -nan | 100.0 |  33.0
       Dungeon | 100.0 | 100.0 |  -nan |  -nan | 100.0 |  33.0
               +-------+-------+-------+-------+-------+----------------------
